 Dungeon Crawl Stone Soup version 0.31-a0-7-g51783674b7 (webtiles) character file.

Game seed: 16955553507153808399

414 bande the Chopper (level 6, 0/39 HPs)
             Began as a Gargoyle Fighter on May 6, 2023.
             Slain by a phantom (2 damage)
             ... on level 5 of the Dungeon.
             The game lasted 00:05:28 (2854 turns).

bande the Chopper (Gargoyle Fighter)                Turns: 2854, Time: 00:05:29

Health: 0/39       AC: 14    Str: 19    XL:     6   Next: 91%
Magic:  6/6        EV:  9    Int:  9    God:
Gold:   2504       SH:  4    Dex: 11    Spells: 5/5 levels left

rFire   . . .        a - +0 war axe
rCold   . . .        c - +0 buckler
rNeg    + + .        b - +0 scale mail
rPois   ∞            o - +0 helmet
rElec   +            (no cloak)
rCorr   .            (no gloves)
SInv    .            h - +1 pair of boots
Will    .....        (no amulet) Stlth
                     l - ring of positive energy
HPRegen 0.26/turn    (no ring)
MPRegen 0.10/turn

%: no passive effects
@: studying Stealth
A: sickness immunity, AC +4, negative energy resistance 1, electricity
resistance, torment resistance 1, petrification resistance
a: no special abilities


You were on level 5 of the Dungeon.
You visited 1 branch of the dungeon, and saw 5 of its levels.

You collected 2504 gold pieces.

Inventory:

Hand Weapons
 a - a +0 war axe (weapon)
 q - a +0 flail
Armour
 b - a +0 scale mail (worn)
 c - a +0 buckler (worn)
 h - a +1 pair of boots (worn)
 o - a +0 helmet (worn)
Jewellery
 l - a ring of positive energy (left hand)
 m - a ring of fire
Wands
 r - a wand of roots (10)
Scrolls
 e - 4 scrolls of fog
 n - 2 scrolls of teleportation
 s - a scroll of silence
Potions
 d - 3 potions of might
 f - a potion of mutation {unknown}
 g - a potion of cancellation {unknown}
 i - a potion of ambrosia
 j - 4 potions of curing {unknown}
 k - a potion of heal wounds {unknown}
 p - a potion of brilliance {unknown}


   Skills:
 + Level 4.4 Fighting
 + Level 4.8 Axes
 + Level 4.2 Armour
 + Level 4.2 Shields
 * Level 1.2 Evocations


You had 5 spell levels left.
You didn't know any spells.
Your spell library contained the following spells:

 Spells                   Type           Power      Damage    Failure   Level
 Inner Flame              Hex/Fire       0%         N/A       99%         3
 Flame Wave               Conj/Fire      0%         2d4       100%        4
 Sticky Flame             Conj/Fire      0%         2d3       100%        4


Dungeon Overview and Level Annotations

Branches:
Dungeon (5/15)
 Temple: D:4-7

Altars:
Ru


Innate Abilities, Weirdness & Mutations

You are immune to sickness and miasma.
Your stone body is resilient. (AC +4)
You are immune to poison.
You resist negative energy. (rN+)
You are resistant to electric shocks. (rElec)
You are resistant to unholy torment.
You are immune to petrification.


Message History

You miss the phantom.
The phantom is moderately damaged.
You hit the orc but do no damage. The phantom hits you.
The orc hits you with a +0 hand axe.
* * * LOW HITPOINT WARNING * * *
You hit the phantom but do no damage.
The phantom is moderately damaged.
You hit the orc but do no damage. The orc hits you but does no damage.
The phantom misses you.
You hit the phantom.
The phantom is heavily damaged.
You hit the orc.
You kill the orc!
The phantom hits you but does no damage.
The phantom closely misses you.
You closely miss the phantom.
The phantom is heavily damaged.
The phantom hits you but does no damage.
You barely miss the phantom.
The phantom is moderately damaged.
You hit the worm but do no damage. The phantom closely misses you.
The worm bites you.
* * * LOW HITPOINT WARNING * * *
You hit the phantom but do no damage.
The phantom is moderately damaged.
You hit the worm. The phantom barely misses you.
The phantom hits you but does no damage.
You hit the phantom.
The phantom is severely damaged.
You hit the worm. You block the worm's attack. The phantom hits you.
* * * LOW HITPOINT WARNING * * *
The phantom blinks!
You blink.
The phantom hits you but does no damage.
The phantom hits you but does no damage.
The phantom attacks as you move away! The phantom hits you.
* * * LOW HITPOINT WARNING * * *
You closely miss the phantom.
The phantom is severely damaged.
The phantom hits you.
You die...

... ..... ..[..
.....#####
........)# #)##
......)).# #...
.........# #..
......)..#####..
.........w.W@#.#
.........###.#.#
##..########.#.#
.... .........<#
### #####..##.#
#.. #.# #.. #.#
#.# #.# .. #.#


You could see a phantom and a worm.

Vanquished Creatures
  A phantom (D:4)
  A scorpion (D:4)
  A howler monkey (D:4)
  2 orc priests
  Jessica (D:3)
  A gnoll (D:4)
  4 adders
  A dart slug (D:2)
  17 orcs
  8 endoplasms
  5 giant cockroaches
  6 goblins
  6 hobgoblins
  11 jackals
  4 kobolds
  4 quokkas
  8 ball pythons
  3 bats
  4 frilled lizards
  7 rats
95 creatures vanquished.

Notes
Turn   | Place    | Note
-------+----------+-------------------------------------------
     0 | D:1      | bande the Gargoyle Fighter began the quest for the Orb.
     0 | D:1      | Reached XP level 1. HP: 14/14 MP: 1/1
   129 | D:1      | Reached XP level 2. HP: 18/19 MP: 2/2
   437 | D:1      | Reached XP level 3. HP: 24/24 MP: 3/3
   899 | D:2      | Reached XP level 4. HP: 29/29 MP: 4/4
  1396 | D:3      | Reached XP level 5. HP: 10/33 MP: 5/5
  1589 | D:3      | Identified a scroll of acquirement
  1589 | D:3      | Acquired 1014 gold pieces
  1810 | D:3      | Noticed Jessica
  1826 | D:3      | Killed Jessica
  2342 | D:4      | Acquired 1217 gold pieces
  2410 | D:4      | Reached XP level 6. HP: 38/38 MP: 6/6
  2475 | D:4      | Found a sacrificial altar of Ru.
  2503 | D:4      | Reached skill level 1 in Evocations
  2817 | D:5      | Entered Level 5 of the Dungeon
  2852 | D:5      | HP: 1/39 [phantom (4)]
  2854 | D:5      | Slain by a phantom

Illustrated notes

Levels and vault maps discovered:
D:1:      dpeg_arrival_arbitrary_b, layout_basic, amcnicky_mini_corridor_feature
D:2:      layout_basic
D:3:      layout_basic, uniq_jessica
D:4:      layout_gridville, kennysheep_mini_moat, small_statue_alley_b,
          solitary_fountain, minmay_misc_feat_plants, minmay_manual_moon
D:5:      corexii_shack_village, layout_basic,
          mainiacjoe_overflow_surrounded_room, minmay_temple_entry_tees,
          minmay_misc_feat_rugged, st_stairs_14

Skill      XL: |  1  2  3  4  5  6 |
---------------+-------------------+-----
Axes           | 2 3 4 |  4.8
Fighting       | 4 |  4.4
Armour         | 4 |  4.2
Shields        | 4 |  4.2
Evocations     | 1 |  1.2

Action                     |  1- 3 |  4- 6 || total
---------------------------+-------+-------++-------
  Melee: War axe           |   108 |   150 ||   258
    Use: Scroll            |     6 |     3 ||     9
         Potion            |       |     1 ||     1
 Armour: Scale mail        |    85 |   124 ||   209
  Dodge: Dodged            |    60 |    93 ||   153
  Block: Buckler           |    31 |    59 ||    90

Table legend: (Time is in decaauts)
 A = Elapsed time spent in this place.
 B = Non-inter-level travel time spent in this place.
 C = Inter-level travel time spent in this place.
 D = Time resting spent in this place.
 E = Time spent auto-exploring this place.
 F = Levels seen in this place.
 G = Mean time per level.
                   A        B        C        D        E       F      G
               +--------+--------+--------+--------+--------+-----+--------+
         Total |   2950 |   2875 |     75 |    337 |   1861 |   5 |  590.0 |
       Dungeon |   2950 |   2875 |     75 |    337 |   1861 |   5 |  590.0 |
               +--------+--------+--------+--------+--------+-----+--------+

Top non-repeatable levels by time:
     D:4: 843 daAuts
     D:3: 765 daAuts
     D:1: 673 daAuts
     D:2: 626 daAuts
     D:5: 42 daAuts
